 Dungeon Crawl Stone Soup version 0.19-a0-1786-g230130f (webtiles) character file.

44 Lochraine the Grave Robber (level 3, -3/24 HPs)
             Began as a Demonspawn Necromancer on Oct 3, 2016.
             Slain by a worm (11 damage)
             ... on level 2 of the Dungeon.
             The game lasted 00:05:24 (2086 turns).

Lochraine the Grave Robber (Demonspawn Necromancer) Turns: 2086, Time: 00:05:25

Health: -3/24      AC:  2    Str:  9    XL:     3   Next: 41%
Magic:  3/6        EV: 12    Int: 16    God:
Gold:   17         SH:  0    Dex: 13    Spells: 3 memorised, 1 level left

rFire  . . .     SeeInvis .     g - +0 club
rCold  . . .     Gourm    .     a - +0 robe
rNeg   . . .     Faith    .     (no shield)
rPois  .         Spirit   .     (no helmet)
rElec  .         Dismiss  .     (no cloak)
rCorr  .         Reflect  .     (no gloves)
MR     .....     Harm     .     (no boots)
Stlth  ++........               (no amulet)
                                (no ring)
                                (no ring)

@: no status effects
A: hooves 1
a: no special abilities


You were on level 2 of the Dungeon.
You were hungry.

You visited 1 branch of the dungeon, and saw 2 of its levels.

You collected 17 gold pieces.

Inventory:

Hand Weapons
 g - a +0 club (weapon)
Armour
 a - a +0 robe (worn)
Scrolls
 e - a scroll of identify {unknown}
Potions
 d - a potion of heal wounds {unknown}
 f - 2 potions of brilliance {unknown}
 h - a potion of mutation {unknown}
Books
 b - a book of Necromancy

   Spells                             Type                      Level
   a - Pain                           Necromancy                   1
   b - Animate Skeleton               Necromancy                   1
   c - Vampiric Draining              Necromancy                   3
   d - Regeneration                   Charms/Necromancy            3
   e - Animate Dead                   Necromancy                   4
   f - Control Undead                 Necromancy                   4
Comestibles
 c - a bread ration
 i - a chunk of flesh


   Skills:
 - Level 1.7 Dodging
 - Level 1.7 Stealth
 - Level 2.0 Spellcasting
 + Level 5.7 Necromancy


You had one spell level left.
You knew the following spells:

 Your Spells              Type           Power        Failure   Level  Hunger
a - Pain                  Necr           ###.         1%          1    #......
b - Animate Skeleton      Necr           N/A          1%          1    #......
c - Vampiric Draining     Necr           ###.......   8%          3    ###....


Dungeon Overview and Level Annotations

Branches:
Dungeon (2/15)

Altars:


Innate Abilities, Weirdness & Mutations

You have large cloven feet.


Message History

Aiming: Pain
Press: ? - help, Shift-Dir - straight line, f - worm
Aim: a worm (chance to defeat MR: 85%)
The worm barely resists.
The worm bites you.
Casting: Pain
Confirm with . or Enter, or press ? or * to list all spells.
Aiming: Pain
Press: ? - help, Shift-Dir - straight line, f/p - worm
Aim: a worm (chance to defeat MR: 85%)
The worm barely resists.
The worm bites you.
Casting: Pain
Confirm with . or Enter, or press ? or * to list all spells.
You don't have enough magic to cast that spell.
The worm bites your rat skeleton.
Your rat skeleton bites the worm.
Your rat skeleton barely misses the worm.
You hit the worm.
The worm is lightly wounded.
Your rat skeleton barely misses the worm.
The worm bites you!
You die...

.......
.########+###........
...........##........
...........##........
.....................
..r.....#'#..........
####.#.#..........
#..Zw#.....#..(..
#####...@###........
#...................
#.##................
#.........###.###
.............#.######
.....................#
...............######.#
....%..#+####.......#.#
..#...... ######.###.#


You could see a worm and a friendly rat skeleton.

Vanquished Creatures
  3 oozes (D:1)
  A dart slug (D:1)
  5 bats (D:1)
  3 goblins
  5 hobgoblins (D:1)
  A quokka (D:2)
  A ball python (D:1)
  5 frilled lizards
  7 rats
31 creatures vanquished.

Vanquished Creatures (collateral kills)
  A bat (D:1)
  A rat (D:1)
2 creatures vanquished.

Grand Total: 33 creatures vanquished

Notes
Turn   | Place    | Note
-------+----------+-------------------------------------------
     0 | D:1      | Lochraine the Demonspawn Necromancer began the quest for the Orb.
     0 | D:1      | Reached XP level 1. HP: 13/13 MP: 3/3
    57 | D:1      | Gained mutation: You have large cloven feet. [demonic ancestry]
    57 | D:1      | Reached XP level 2. HP: 9/19 MP: 1/5
   246 | D:1      | Reached skill level 5 in Necromancy
   252 | D:1      | Learned a level 1 spell: Animate Skeleton
  1355 | D:1      | Reached XP level 3. HP: 15/24 MP: 6/6
  1984 | D:1      | Learned a level 3 spell: Vampiric Draining
  2086 | D:2      | Slain by a worm

Vault maps used:
D:1:      onia_arrival_handbag
D:2:      first_bread

Skill      XL: |  1  2 |
---------------+-------+-----
Necromancy     | 5 |  5.7
Dodging        | |  1.7
Stealth        | |  1.7
Spellcasting   | |  2.0

Action                   || total
-------------------------++-------
Melee: Unarmed           ||    19
       Club              ||    77
       Kick              ||    14
 Cast: Pain              ||    32
       Animate Skeleton  ||     9
       Vampiric Draining ||     1
 Stab: Sleeping          ||     3
  Eat: Chunk             ||     4
Armor: Robe              ||    36
Dodge: Dodged            ||    92
